 Seeded DCSS version 0.30.1-4-g462c640d31 (webtiles) character file.

Game seed: 15660985446129201502 (custom seed)

162 AccursedSamuel the Chopper (level 5, 0/33 HPs)
             Began as a Tengu Monk on Sept 18, 2023.
             Slain by an orc
             ... wielding a +0 dagger
              (3 damage)
             ... on level 3 of the Dungeon.
             The game lasted 00:09:12 (2197 turns).

AccursedSamuel the Chopper (Tengu Monk)             Turns: 2197, Time: 00:09:12

Health: 0/33       AC:  2    Str: 11    XL:     5   Next: 43%
Magic:  6/6        EV: 17    Int: 11    God:
Gold:   230        SH:  0    Dex: 20    Spells: 4/4 levels left

rFire   . . .        a - +0 hand axe
rCold   . . .        d - orb {light}
rNeg    . . .        b - +0 robe
rPois   .            (helmet restricted)
rElec   .            (no cloak)
rCorr   .            (no gloves)
SInv    +            (boots unavailable)
Will    +....        e - amulet of Peace {Will+ Regen+ Dex+2 SInv}
Stlth   +            (no ring)
HPRegen 1.05/turn    (no ring)
MPRegen 0.10/turn

%: no passive effects
@: flying quickly and evasively, glowing, quick
A: beak, talons 3, nimble flight
a: no special abilities


You were on level 3 of the Dungeon.
You visited 1 branch of the dungeon, and saw 3 of its levels.

You collected 230 gold pieces.

Inventory:

Hand Weapons
 a - a +0 hand axe (weapon)
Armour
 b - a +0 robe (worn)
 d - an orb of light (worn)
Jewellery
 e - the amulet of Peace (around neck) {Will+ Regen+ Dex+2 SInv}
   (You acquired it on level 1 of the Dungeon)

   [amulet of regeneration]

   Dex:       It affects your dexterity (+2).
   SInv:      It lets you see invisible.
   Regen:     It increases your rate of health regeneration.
   Will:      It increases your willpower.
 k - a +4 ring of protection
Scrolls
 f - 4 scrolls of teleportation {unknown}
 h - a scroll of identify {unknown}
 m - a scroll of enchant armour {unknown}
 n - a scroll of noise {unknown}
 p - a scroll of immolation {unknown}
 r - a scroll of fog {unknown}
Potions
 c - a potion of ambrosia
 g - a potion of curing {unknown}
 i - a potion of heal wounds {unknown}
 j - 2 potions of magic {unknown}
 l - a potion of flight {unknown}
 o - a potion of degeneration {unknown}
 q - a potion of attraction {unknown}


   Skills:
 + Level 3.8 Fighting
 + Level 5.4 Axes
 + Level 4.0 Dodging
 + Level 0.3 Stealth


You had 4 spell levels left.
You didn't know any spells.
Your spell library contained the following spells:

 Spells                   Type           Power      Damage    Failure   Level
 Cigotuvi's Dreadful Rot  Necr/Pois/Air  0%         N/A       47%         2
 Lesser Beckoning         Tloc           0%         N/A       47%         2
 Gell's Gravitas          Tloc           0%         N/A       71%         3
 Ignite Poison            Fire/Tmut/Pois 0%         N/A       71%         3
 Teleport Other           Tloc           0%         N/A       71%         3
 Dispel Undead            Necr           0%         3d6       98%         4
 Sticky Flame             Conj/Fire      0%         2d3       98%         4
 Death Channel            Necr           0%         N/A       100%        6
 Ignition                 Fire           0%         3d3       100%        8


Dungeon Overview and Level Annotations

Branches:
Dungeon (3/15)

Altars:
Wu Jian

Annotations:
D:2 1 runed translucent door, Crazy Yiuf


Innate Abilities, Weirdness & Mutations

You have a beak for a mouth.
You have claws for feet.
Your magical nature lets you fly swiftly and evasively.


Message History

An orc comes into view. It is wielding a +0 dagger.
The orc misses you.
The orc priest casts a cantrip, but nothing happens.
You hit the orc.
You kill the orc!
Things that are here:
a +0 flail; a +0 leather armour; an orc corpse You hit the orc priest but do no damage.
You claw the orc priest.
The orc priest is moderately wounded.
The orc priest closely misses you.
You hit the orc priest but do no damage.
You claw the orc priest, but do no damage.
Your peck misses the orc priest.
The orc priest is moderately wounded.
The orc priest barely misses you.
You hit the orc priest. You claw the orc priest.
The orc priest is severely wounded.
The orc priest mumbles some strange prayers to Beogh against you.
Beogh smites you!
You hit the orc priest.
The orc priest is severely wounded.
The orc priest closely misses you. x2
You hit the orc priest.
The orc priest is almost dead.
The orc priest calls down the wrath of Beogh upon you.
Beogh smites you!
* * * LOW HITPOINT WARNING * * *
You hit the orc priest but do no damage.
The orc priest is almost dead.
The orc priest hits you with a +0 hand axe!
* * * LOW HITPOINT WARNING * * *
You hit the orc priest but do no damage.
You claw the orc priest.
You kill the orc priest!
Your Dodging skill increases to level 4!
You hit the orc. You peck the orc.
The orc is almost dead.
The orc hits you with a +0 dagger.
You die...

##### #..#.#.###.# .#.###
##...#####.#.>.## #.# #.#
##.....##...†..## #.# #.####
#..............# ##.## #.#...
#.........#.#######...####)....
#.#...#.#.#..................##
#.##.##.#.#########...########
#.##.##.#.#########..##########
#.##.##.#.#..)@o...............
#.##.##.#.#.#######.###########
#.##.##.#.#.# #.# #
#.##.##.#.#.# #.# #
#.##.##.#.#.# #.# #
#.##.##.#.#.# #.# #
#.#...#.#.#.#######.# #
#...................# #
###...###############


You could see an orc.

Vanquished Creatures
  2 orc priests (D:3)
  Jessica (D:2)
  An adder (D:2)
  2 dart slugs
  2 orcs (D:3)
  4 ball pythons
  6 endoplasms
  2 giant cockroaches (D:2)
  8 goblins
  5 hobgoblins
  6 kobolds
  5 quokkas
  3 bats
  7 frilled lizards
  8 rats
  A spectral kobold (D:2)
63 creatures vanquished.

Notes
Turn   | Place    | Note
-------+----------+-------------------------------------------
     0 | D:1      | AccursedSamuel the Tengu Monk began the quest for the Orb.
     0 | D:1      | Reached XP level 1. HP: 14/14 MP: 2/2
   118 | D:1      | Reached XP level 2. HP: 19/19 MP: 3/3
   133 | D:1      | Identified a scroll of acquirement
   133 | D:1      | Acquired the amulet of Peace {Will+ Regen+ Dex+2 SInv}
   426 | D:1      | Reached XP level 3. HP: 23/23 MP: 4/4
   971 | D:2      | Reached skill level 4 in Axes
   987 | D:2      | Noticed Jessica
  1003 | D:2      | Killed Jessica
  1004 | D:2      | Reached XP level 4. HP: 23/28 MP: 5/5
  1277 | D:2      | Found a faded altar of an unknown god.
  1410 | D:2      | Found a runed translucent door.
  1411 | D:2      | Noticed Crazy Yiuf
  1857 | D:3      | Reached skill level 5 in Axes
  1857 | D:3      | Gained mutation: Your magical nature lets you fly swiftly
                  | and evasively. [Tengu growth]
  1857 | D:3      | Reached XP level 5. HP: 8/33 MP: 6/6
  2120 | D:3      | Found an ornate altar of the Wu Jian Council.
  2195 | D:3      | HP: 1/33 [orc priest/+0 hand axe (7)]
  2197 | D:3      | Slain by an orc

Illustrated notes

Levels and vault maps discovered:
D:1:      minmay_arrival_pointy, layout_loops_ring, minmay_gold_behind_fungi
D:2:      layout_basic, dreamdust_ecumenical_altar_drowned_temple,
          hangedman_decor_clover_reticule, fountainhead,
          uniq_crazy_yiuf_cottage, uniq_jessica
D:3:      layout_loops_ring, general_overflow_altar, serial_bayou_pond_d

Skill      XL: |  1  2  3  4  5 |
---------------+----------------+-----
Axes           | 4 5 |  5.4
Dodging        | 4 |  4.0
Fighting       | |  3.8
Stealth        | |  0.3

Action                     |  1- 3 |  4- 6 || total
---------------------------+-------+-------++-------
  Melee: Hand axe          |    51 |    70 ||   121
         Kick              |    17 |    21 ||    38
         Peck              |     7 |    14 ||    21
    Use: Scroll            |     1 |       ||     1
 Armour: Robe              |    12 |     4 ||    16
  Dodge: Dodged            |    36 |    59 ||    95
